 Dungeon Crawl Stone Soup version 0.27-a0-1256-gced786f65e (webtiles) character file.

Game seed: 18087797692791198198

285323 Vomitron the Tortoise (level 20, -6/191 HPs)
             Began as a Hill Orc Monk on June 10, 2021.
             Was the Champion of Nemelex Xobeh.
             Mangled by a yaktaur captain (24 damage)
             ... summoned by a boggart
             ... on level 2 of the Vaults on June 11, 2021.
             The game lasted 01:56:45 (63579 turns).

Vomitron the Tortoise (Hill Orc Monk)              Turns: 63579, Time: 01:56:46

Health: -6/191     AC: 48    Str: 21    XL:     20   Next: 61%
Magic:  29/29      EV:  8    Int: 10    God:    Nemelex Xobeh [******]
Gold:   232        SH: 12    Dex: 15    Spells: 19/19 levels left

rFire    . . .     SeeInvis .   V - +1 double sword
rCold    + + .     Faith    +   O - +0 kite shield
rNeg     . . .     Spirit   .   b - +7 crystal plate armour {rC+}
rPois    +         Reflect  .   U - +2 helmet of the Baker {+Inv rC+}
rElec    .         Harm     .   m - +2 cloak {rCorr}
rCorr    +         Rampage  .   H - +2 pair of gloves {archery}
Will     ++...     Clarity  +   q - +2 pair of boots {Fly}
Stlth    ..........             C - amulet of faith
HPRegen  0.41/turn              t - +4 ring of protection
MPRegen  0.21/turn              X - ring of poison resistance

@: corroded, flying
A: clarity, strong-willed 1, screaming 1, wild magic 1
}: 2/15 runes: decaying, serpentine
a: Renounce Religion, Evoke Invisibility, Draw Escape, Draw Destruction, Draw
Summoning, Draw Stack, Triple Draw, Deal Four, Stack Five


You were on level 2 of the Vaults.
You worshipped Nemelex Xobeh.
Nemelex Xobeh was exalted by your worship.
You visited 6 branches of the dungeon, and saw 33 of its levels.
You visited the Abyss 1 time.
You also visited: Gauntlet, Ice Cave and Volcano.

You collected 3566 gold pieces.
You spent 3334 gold pieces at shops.

Inventory:

Hand Weapons
 L - a +4 scimitar of flaming
 S - a +3 great sword of freezing
 V - a +1 double sword (weapon)
 Y - the +5 demon whip "Spellbinder" {antimagic, Will+}
   (You found it in a Gauntlet)

   It reduces the magical energy of the wielder, and disrupts the spells and
   magical abilities of those hit.
   Natural abilities and divine invocations are not affected.
   It increases your willpower.
Missiles
 a - 7 atropa-tipped darts
 d - 3 curare-tipped darts
 F - 4 throwing nets (quivered)
Armour
 b - a +7 crystal plate armour of cold resistance (worn)
 m - a +2 cloak of preservation (worn)
 q - a +2 pair of boots of flying (worn)
 H - a +2 pair of gloves of archery (worn)
 O - a +0 kite shield (worn)
 U - the +2 helmet of the Baker (worn) {+Inv rC+}
   (You found it in a Gauntlet)

   It protects you from cold.
   It lets you turn invisible.
Jewellery
 t - a +4 ring of protection (left hand)
 y - a +4 ring of protection
 C - an amulet of faith (around neck)
 J - a ring of willpower
 T - a ring of protection from fire
 X - a ring of poison resistance (right hand)
Wands
 f - a wand of polymorph (19)
 u - a wand of iceblast (31)
 A - a wand of flame (43)
 G - a wand of charming (18)
 W - a wand of paralysis (16)
Scrolls
 c - 5 scrolls of blinking
 g - 2 scrolls of holy word
 l - 14 scrolls of identify
 p - 13 scrolls of teleportation
 r - a scroll of summoning
 w - 2 scrolls of fog
 D - 3 scrolls of fear
 P - 4 scrolls of magic mapping
Potions
 e - 8 potions of berserk rage
 h - 4 potions of haste
 i - 7 potions of might
 j - 3 potions of lignification
 k - 11 potions of heal wounds
 n - 2 potions of attraction
 o - 8 potions of flight
 s - 5 potions of cancellation
 v - 5 potions of resistance
 x - 5 potions of brilliance
 z - 5 potions of magic
 B - 7 potions of curing
 K - 2 potions of mutation
 Q - 2 potions of ambrosia
Miscellaneous
 I - a phantom mirror
 M - a lightning rod (4/4)
 N - a phial of floods
 R - a tin of tremorstones (2/2)
 Z - a condenser vane


   Skills:
 + Level 19.0 Fighting
 - Level 17.6 Long Blades
 + Level 19.5 Armour
 - Level 10.4 Dodging
 - Level 1.5 Stealth
 + Level 11.1 Shields
 - Level 12.2 Invocations
 + Level 14.5 Evocations


You had 19 spell levels left.
You didn't know any spells.
Your spell library contained the following spells:

 Spells                   Type           Power      Damage    Failure   Level
 Animate Skeleton         Necr           0%         N/A       100%        1
 Beastly Appendage        Tmut           0%         N/A       100%        1
 Magic Dart               Conj           0%         1d3       100%        1
 Pain                     Necr           0%         1d4       100%        1
 Shock                    Conj/Air       0%         1d3       100%        1
 Summon Small Mammal      Summ           0%         N/A       100%        1
 Call Imp                 Summ           0%         N/A       100%        2
 Corpse Rot               Necr/Air       N/A        N/A       100%        2
 Poisonous Vapours        Pois/Air       0%         N/A       100%        2
 Searing Ray              Conj           0%         3d3       100%        2
 Sublimation of Blood     Necr           0%         N/A       100%        2
 Wereblood                Tmut           0%         N/A       100%        2
 Call Canine Familiar     Summ           0%         N/A       100%        3
 Confusing Touch          Hex            0%         N/A       100%        3
 Conjure Flame            Conj/Fire      0%         6-21      100%        3
 Dazzling Flash           Conj/Hex       0%         N/A       100%        3
 Gell's Gravitas          Tloc           0%         N/A       100%        3
 Ignite Poison            Fire/Tmut/Pois 0%         N/A       100%        3
 Mephitic Cloud           Conj/Pois/Air  0%         N/A       100%        3
 Ozocubu's Armour         Ice            0%         N/A       100%        3
 Spider Form              Tmut/Pois      0%         N/A       100%        3
 Summon Guardian Golem    Hex/Summ       0%         N/A       100%        3
 Vampiric Draining        Necr           0%         2d6       100%        3
 Animate Dead             Necr           0%         N/A       100%        4
 Dispel Undead            Necr           0%         3d6       100%        4
 Fulminant Prism          Conj/Hex       0%         3d6       100%        4
 Ice Form                 Ice/Tmut       0%         N/A       100%        4
 Iskenderun's Mystic Bla  Conj/Tloc      0%         2d3       100%        4
 Petrify                  Tmut/Erth      0%         N/A       100%        4
 Sticky Flame             Conj/Fire      0%         2d3       100%        4
 Summon Ice Beast         Ice/Summ       0%         N/A       100%        4
 Summon Lightning Spire   Summ/Air       0%         N/A       100%        4
 Agony                    Necr           0%         N/A       100%        5
 Bolt of Magma            Conj/Fire/Erth 0%         4d4       100%        5
 Borgnjor's Vile Clutch   Necr/Erth      0%         N/A       100%        5
 Freezing Cloud           Conj/Ice/Air   0%         6-21      100%        5
 Iskenderun's Battlesphe  Conj           0%         2d6       100%        5
 Metabolic Englaciation   Hex/Ice        0%         N/A       100%        5
 Silence                  Hex/Air        0%         N/A       100%        5
 Summon Forest            Summ/Tloc      0%         N/A       100%        5
 Summon Mana Viper        Hex/Summ       0%         N/A       100%        5
 Yara's Violent Unravell  Hex/Tmut       0%         3d3       100%        5
 Conjure Ball Lightning   Conj/Air       0%         3x3d6     100%        6
 Death Channel            Necr           0%         N/A       100%        6
 Iron Shot                Conj/Erth      0%         9d1       100%        6
 Shadow Creatures         Summ           N/A        N/A       100%        6
 Simulacrum               Ice/Necr       0%         N/A       100%        6
 Starburst                Conj/Fire      0%         8x6d3     100%        6
 Orb of Destruction       Conj           0%         N/A       100%        7
 Spellforged Servitor     Conj/Summ      0%         N/A       100%        7
 Storm Form               Tmut/Air       0%         N/A       100%        7
 Summon Hydra             Summ           0%         N/A       100%        7
 Polar Vortex             Ice            0%         N/A       100%        9


Dungeon Overview and Level Annotations

Branches:
Dungeon (15/15)            Temple (0/1) D:6            Lair (6/6) D:9
  Swamp (4/4) Lair:3        Snake (4/4) Lair:2        Slime (0/5) Lair:5
    Orc (2/2) D:12            Elf (0/3) Orc:2        Vaults (2/5) D:14
 Depths (0/5) D:15          IceCv (visited)         Volcano (visited)
Gauntlet (visited)
  Crypt: Vaults:2-3

Altars:
Cheibriados
Fedhas
Gozag
Makhleb
Nemelex Xobeh
Okawaru
Sif Muna
Trog
Wu Jian
Beogh
Jiyva

Shops:
D:13 ***   D:14 *!   D:15 *   Orc:2 :*([

Annotations:
D:5 2 transporters
Lair:2 exclusion: oklob plant
Lair:6 exclusion: obsidian statue
Swamp:2 Roxanne
Vaults:1 8 runed translucent doors, Siol's ghost, adept OgEn


Innate Abilities, Weirdness & Mutations

You possess an exceptional clarity of mind.
You are strong-willed. (Will+)
You occasionally shout uncontrollably at your foes.
Your spells are a little harder to cast, but a little more powerful.


Message History

The wavering orb of destruction weakly hits the ironbound convoker!!!
The ironbound convoker is almost dead.
The war gargoyle closely misses you.
The ironbound convoker points at the yaktaur captain and mumbles some strange words.
The yaktaur captain seems to grow stronger.
You block the yaktaur captain's attack. You block the yaktaur's attack.
A centaur warrior opens the door.
The boggart casts a spell.
The war gargoyle hits you with a +0 morningstar!!
* * * LOW HITPOINT WARNING * * *
Unknown command.
You draw a card...
You have drawn Vitriol.
Press: ? - help, Shift-Dir - straight line, f/p - ironbound convoker
Aim: an ironbound convoker, wielding a +0 mace and wearing a +0 scale mail (almost dead)
The glob of acid hits the ironbound convoker!!
The ironbound convoker is splashed with acid.
You kill the ironbound convoker!
The yaktaur captain hits you but does no damage.
The yaktaur hits you but does no damage.
The boggart casts a spell.
The boggart blinks!
The war gargoyle hits you with a +0 morningstar!!
* * * LOW HITPOINT WARNING * * *
The yaktaur captain unwields a +0 arbalest.
The yaktaur captain hits you but does no damage.
You draw a card...
You have drawn the Cloud.
Clouds appear around you!
The yaktaur captain is no longer covered in acid.
The centaur warrior wields a +0 shortbow.
The centaur warrior shoots an arrow.
Reactivating autopickup.
The peacekeeper dissolves into shadows!
The war gargoyle dissolves into shadows!
The centaur warrior dissolves into shadows! x3
You block the yaktaur captain's attack.
The yaktaur captain shoots a bolt.
The bolt hits you but does no damage.
The ironbound convoker points at the yaktaur and mumbles some strange words.
The yaktaur seems to grow stronger.
The yaktaur captain hits you!!
You die...
Your body glows with a rainbow of weird colours and disappears.

##...## #...# ##...## ##'## ##.##
##'## #)### #.# ###.# #...###
##+## ###...# #.....### ##($$##
###.....# #..
#.###.....###[§§c$###...).###.#..
+......)....+[§8c§'§..........#..
#.###.....###c§§§c###.....###.#..
#.....### #pc@# ###..)..# #..
#...### ##c## ###...# #.. #.###
#§# ###)# #.. ##'## ##.##
##'###.. ##...## #...# ##...###'
#.....## ##...## ##.....#..
#......## #.....# #....÷.'.<
#.......## ##.....## #.......#..
#........###.......# #........###


You could see 3 yaktaur captains, an ironbound convoker (summoned) and a yaktaur
(strong).

Vanquished Creatures
  Nikola (Swamp:3)
  A tentacled starspawn (Abyss:1)
  A tengu reaver (Vaults:2)
  A sphinx (Vaults:2)
  Donald (Vaults:1)
  A fenstrider witch (Swamp:4)
  6 nagarajas (Snake:4)
  Aizul (Snake:4)
  A vault warden (Vaults:2)
  2 orc warlords
  2 ghouls (Swamp:2)
  An ironbound preserver (Vaults:1)
  4 very ugly things
  5 dire elephants
  A red draconian (Volcano)
  2 bunyips
  2 entropy weavers (Vaults:1)
  A deep elf annihilator (Vaults:2)
  A minotaur (Gauntlet)
  Snorg (Orc:2)
  An eleionoma (Swamp:3)
  A crystal guardian (Vaults:1)
  A blizzard demon (IceCv)
  8 vault guards (D:14)
  3 yaktaur captains
  2 shambling mangroves
  A deep elf high priest (Vaults:2)
  2 ironbound thunderhulks
  2 boulder beetles
  A ghost crab (Swamp:1)
  11 naga warriors
  20 hydras
  3 ogre magi
  7 anacondas
  A death knight (D:9)
  16 centaur warriors
  14 alligators
  2 death scarabs (Gauntlet)
  2 tengu warriors
  9 two-headed ogres
  2 ironbound beastmasters
  8 death yaks
  3 orc high priests (Orc:2)
  A spectral dire elephant (Lair:6)
  19 naga sharpshooters
  9 shock serpents
  7 large abominations
  2 wretched stars (Abyss:1)
  4 goliath frogs
  4 skeletal warriors
  2 salamander mystics
  2 spriggan druids
  19 sea snakes
  11 naga ritualists
  A phantasmal warrior (Vaults:2)
  6 deep trolls
  2 necromancers (Lair:6)
  6 glowing orange brains
  4 orc knights
  A wizard (Vaults:2)
  2 spectral hydras (Gauntlet)
  2 lindwurms
  3 ironbound convokers
  A harpy (Snake:3)
  11 swamp dragons
  A bog body (Swamp:4)
  12 mana vipers
  7 orc sorcerers
  A frost giant zombie (Abyss:1)
  6 cyclopes
  14 ugly things
  3 shining eyes
  4 will-o-the-wisps
  4 manticores
  11 salamanders
  A water nymph (shapeshifter) (D:15)
  Maurice (Orc:2)
  21 elephants
  50 black mambas
  5 guardian serpents
  2 molten gargoyles (Volcano)
  3 vault sentinels
  3 eyes of devastation
  11 naga magi
  14 cane toads
  2 ice statues (IceCv)
  A dire elephant zombie (Lair:6)
  A smoke demon (Abyss:1)
  2 efreet
  A dire elephant skeleton (Lair:6)
  11 komodo dragons
  2 kobold demonologists
  3 tengu conjurers (D:15)
  10 yaktaurs
  3 freezing wraiths (Swamp:3)
  5 rime drakes
  A demonic crawler (Abyss:1)
  12 ice devils (IceCv)
  A hellwing (Abyss:1)
  A queen bee (D:13)
  2 queen bees (shapeshifter)
  8 trolls
  A merfolk (Lair:6)
  2 polar bears (Lair:6)
  5 hornets
  A raiju (Abyss:1)
  16 blink frogs
  3 tyrant leeches (Swamp:2)
  15 slime creatures
  Grinder (D:6)
  4 spectral elephants (Lair:6)
  2 spriggans
  A redback (Vaults:1)
  2 shadows (D:9)
  4 wraiths
  2 ynoxinuls (Abyss:1)
  43 yaks
  A dire elephant simulacrum (Lair:6)
  3 wyverns
  4 basilisks
  2 fire bats (Volcano)
  2 chaos spawn (Abyss:1)
  Grum (Lair:1)
  A neqoxec (Abyss:1)
  2 humans
  3 vampire mosquitoes (Swamp:2)
  A steam dragon (D:7)
  4 spectral cane toads
  13 swamp worms
  2 death yak simulacra (Lair:6)
  43 nagas
  11 water moccasins
  A floating eye (Lair:6)
  5 wargs
  4 acid dragons
  34 orc warriors
  A hell hound (Abyss:1)
  2 sky beasts
  5 elephant zombies (Lair:6)
  7 swamp drakes (Swamp:4)
  2 black bears
  A hornet zombie (D:9)
  2 necrophages
  8 ogres
  3 boggarts
  6 small abominations
  A tengu (D:9)
  7 centaurs
  2 elephant skeletons (Lair:6)
  19 wolves
  4 phantoms
  4 kobold brigands
  5 bullfrogs
  3 gnoll sergeants
  3 scorpions
  4 cane toad simulacra (Lair:6)
  A wyvern skeleton (D:5)
  A killer bee (D:9)
  3 elephant simulacra (Lair:6)
  7 wights
  An electric eel (D:9)
  2 howler monkeys (D:9)
  6 centaur zombies
  3 lava snakes (Volcano)
  2 gnoll shamans
  12 orc priests
  4 hounds
  3 iguanas
  3 jellies
  2 iron imps
  20 orc wizards
  Terence (D:3)
  A hound zombie (D:5)
  2 hound skeletons
  A howler monkey zombie (D:9)
  12 gnolls
  3 adders
  A river rat (Orc:2)
  A shadow imp (D:7)
  7 white imps (IceCv)
  7 ufetubi
  A worm (D:4)
  4 dart slugs
  93 orcs
  17 ball pythons
  5 endoplasms
  3 giant cockroaches
  9 goblins
  13 hobgoblins
  11 jackals
  5 kobolds
  4 quokkas
  8 bats
  6 frilled lizards
  6 rats
  2 starspawn tentacles (Abyss:1)
1136 creatures vanquished.

Vanquished Creatures (collateral kills)
  Vashnia (Snake:2)
  Kirke (Swamp:2)
  Louise (Snake:2)
  An ironbound preserver (Vaults:1)
  2 ghouls (Swamp:2)
  A war gargoyle (Vaults:1)
  Nessos (Lair:6)
  A bunyip (Swamp:2)
  2 dire elephants (Lair:6)
  A peacekeeper (Vaults:1)
  2 naga warriors (Snake:4)
  A boulder beetle (D:10)
  A catoblepas (D:8)
  2 hydras
  2 naga sharpshooters
  A salamander mystic (Snake:4)
  A spectral anaconda (Lair:6)
  A sea snake (Snake:4)
  A naga ritualist (Snake:4)
  An orc knight (Orc:1)
  A necromancer (Lair:6)
  A deep elf pyromancer (D:10)
  3 salamanders
  10 elephants (Lair:6)
  A smoke demon (Abyss:1)
  3 naga magi (Snake:4)
  A cane toad (Lair:1)
  2 komodo dragons
  2 ice devils (IceCv)
  Maggie (D:10)
  A tengu conjurer (D:10)
  An efreet (D:9)
  A polar bear (Lair:1)
  3 hornets
  4 blink frogs (Lair:6)
  Prince Ribbit (D:6)
  A yak (Lair:6)
  A neqoxec (Abyss:1)
  A steam dragon (D:10)
  A basilisk (Lair:1)
  A small abomination (Abyss:1)
  A warg (D:9)
  A naga (Snake:4)
  A water moccasin (Lair:6)
  2 hell hounds (Abyss:1)
  2 orc warriors
  A swamp drake (Swamp:4)
  A centaur (D:9)
  Dowan (D:5)
  A wight (D:10)
  An orc priest (D:9)
  2 orc wizards
  6 orcs
  A quokka (D:3)
87 creatures vanquished.

Vanquished Creatures (others)
  A wizard (Vaults:1)
  A black mamba (Snake:3)
  A bloated husk (Swamp:3)
  A human (Swamp:3)
  A spectral cane toad (Lair:6)
  3 swamp worms (Swamp:3)
  A swamp drake (Swamp:4)
  A boggart (Vaults:2)
  A white imp (IceCv)
  4 ufetubi (IceCv)
  2 orcs
  A bush (Lair:6)
  4 demonic plants (Gauntlet)
  12 foxfires
  91 fungi
  61 plants
  6 starspawn tentacles (Abyss:1)
  31 withered plants (Lair:6)
223 creatures vanquished.

Grand Total: 1446 creatures vanquished

Notes
Turn   | Place    | Note
-------+----------+-------------------------------------------
     0 | D:1      | Vomitron the Hill Orc Monk began the quest for the Orb.
     0 | D:1      | Reached XP level 1. HP: 19/19 MP: 1/1
    81 | D:1      | Reached XP level 2. HP: 22/27 MP: 2/2
   392 | D:1      | Found a faded altar of an unknown god.
   399 | D:1      | Reached skill level 1 in Armour
   466 | D:1      | Became a worshipper of Nemelex Xobeh the Trickster
   466 | D:1      | Reached * piety under Nemelex Xobeh
   466 | D:1      | Received a gift from Nemelex Xobeh
   466 | D:1      | Reached ** piety under Nemelex Xobeh
   466 | D:1      | Received a gift from Nemelex Xobeh
   572 | D:1      | Reached XP level 3. HP: 33/33 MP: 3/3
   881 | D:1      | Reached *** piety under Nemelex Xobeh
   973 | D:1      | Received a gift from Nemelex Xobeh
   977 | D:1      | Reached skill level 1 in Invocations
  1351 | D:2      | Reached XP level 4. HP: 40/40 MP: 3/5
  1908 | D:2      | Noticed a scorpion
  1917 | D:2      | Killed a scorpion
  1918 | D:2      | Reached skill level 1 in Shields
  1918 | D:2      | Reached XP level 5. HP: 38/47 MP: 6/6
  2480 | D:3      | Noticed an orc warrior
  2524 | D:3      | Killed an orc warrior
  2525 | D:3      | Reached XP level 6. HP: 55/55 MP: 6/8
  2543 | D:3      | Reached skill level 5 in Long Blades
  2911 | D:3      | Noticed Terence
  2923 | D:3      | Killed Terence
  2924 | D:3      | Reached skill level 5 in Fighting
  3790 | D:4      | Reached XP level 7. HP: 61/61 MP: 9/9
  4098 | D:4      | Reached **** piety under Nemelex Xobeh
  4561 | D:4      | Received a gift from Nemelex Xobeh
  4819 | D:5      | Entered Level 5 of the Dungeon
  4819 | D:5      | Found a transporter.
  4893 | D:5      | Found a shimmering blue altar of Sif Muna.
  5012 | D:5      | Noticed Duvessa
  5017 | D:5      | Noticed Dowan
  5024 | D:5      | Reached XP level 8. HP: 50/70 MP: 11/11
  5033 | D:5      | Killed Dowan
  5034 | D:5      | Noticed Duvessa
  5034 | D:5      | Duvessa changed into Duvessa the hobgoblin
  5036 | D:5      | Killed Duvessa the hobgoblin
  5583 | D:5      | Reached skill level 5 in Invocations
  5888 | D:5      | Found a transporter.
  6575 | D:6      | Found a bloodstained altar of Trog.
  6942 | D:5      | Reached skill level 5 in Armour
  7087 | D:6      | Received a gift from Nemelex Xobeh
  7182 | D:6      | Found a staircase to the Ecumenical Temple.
  7449 | D:6      | Noticed Prince Ribbit
  7463 | D:6      | Killed Prince Ribbit
  7464 | D:6      | Reached XP level 9. HP: 61/79 MP: 13/13
  7928 | D:6      | Noticed Grinder
  7928 | D:6      | Paralysed by Grinder for 3 turns
  7938 | D:6      | Killed Grinder
  8628 | D:7      | Reached ***** piety under Nemelex Xobeh
  8628 | D:7      | Received a gift from Nemelex Xobeh
  8752 | D:7      | Found a snail-covered altar of Cheibriados.
  9891 | D:8      | Received a gift from Nemelex Xobeh
 10433 | D:8      | Noticed a six-headed hydra
 10438 | D:8      | Killed a six-headed hydra
 10439 | D:8      | Reached XP level 10. HP: 89/89 MP: 15/15
 10773 | D:8      | Received a gift from Nemelex Xobeh
 11488 | D:9      | Reached skill level 10 in Long Blades
 11496 | D:9      | Found a staircase to the Lair.
 11914 | D:9      | Noticed a skeletal warrior
 11924 | D:9      | Killed a skeletal warrior
 11935 | D:9      | Noticed a catoblepas
 11935 | D:9      | Noticed a deep elf pyromancer
 12167 | D:9      | Noticed a centaur warrior
 12231 | D:9      | Killed a centaur warrior
 12232 | D:9      | Reached XP level 11. HP: 32/97 MP: 16/18
 12532 | D:9      | Noticed a swamp dragon
 12532 | D:9      | a deep elf pyromancer changed into a swamp dragon
 12534 | D:9      | Killed a swamp dragon
 12919 | D:9      | Noticed a centaur warrior
 13060 | D:9      | Killed a centaur warrior
 13228 | D:9      | Noticed a seven-headed hydra
 13237 | D:8      | Killed a catoblepas
 13266 | D:9      | Noticed a tengu warrior
 13418 | D:9      | Killed an eight-headed hydra
 13419 | D:9      | Reached skill level 10 in Fighting
 13419 | D:9      | Reached skill level 10 in Invocations
 13526 | D:9      | Noticed a death knight
 13546 | D:9      | Killed a death knight
 14309 | D:9      | Found an ornate altar of the Wu Jian Council.
 14558 | D:9      | Killed a tengu warrior
 14632 | D:9      | Reached skill level 1 in Evocations
 14753 | D:9      | Received a gift from Nemelex Xobeh
 14853 | D:9      | Noticed a centaur warrior
 14865 | D:9      | Killed a centaur warrior
 14913 | D:9      | Found a faded altar of an unknown god.
 14913 | D:9      | Found a faded altar of an unknown god.
 14920 | D:9      | Found a blossoming altar of Fedhas.
 14922 | D:9      | Found a burning altar of Makhleb.
 14924 | D:9      | Found an iron altar of Okawaru.
 15186 | Lair:1   | Entered Level 1 of the Lair of Beasts
 15243 | Lair:1   | Received a gift from Nemelex Xobeh
 15289 | Lair:1   | Reached XP level 12. HP: 85/108 MP: 19/19
 15379 | Lair:1   | Noticed Grum
 15382 | Lair:1   | Killed Grum
 15482 | Lair:1   | Found a dark tunnel.
 15491 | Volcano  | Entered a volcano
 15897 | Volcano  | Found a radiant altar of Vehumet.
 16133 | Volcano  | Noticed a red draconian
 16148 | Volcano  | Killed a red draconian
 17093 | Lair:1   | Reached skill level 10 in Armour
 17159 | Lair:1   | Received a gift from Nemelex Xobeh
 17636 | Lair:2   | Found a gate leading to a gauntlet.
 17644 | Gauntlet | Entered a Gauntlet
 17644 | Gauntlet | Found a transporter.
 17647 | Gauntlet | Found a transporter.
 17649 | Gauntlet | Found a transporter.
 17656 | Gauntlet | Noticed a large abomination
 17666 | Gauntlet | Found a transporter.
 17669 | Gauntlet | Found a transporter.
 17669 | Gauntlet | Noticed a death scarab
 17670 | Gauntlet | Noticed a death scarab
 17673 | Gauntlet | Found a runed translucent gate.
 17673 | Gauntlet | Found a runed translucent gate.
 17676 | Gauntlet | Found a runed translucent gate.
 17676 | Gauntlet | Found a transporter.
 17689 | Gauntlet | Found a runed translucent door.
 17693 | Gauntlet | Found a transporter.
 17702 | Gauntlet | Found a transporter.
 17710 | Gauntlet | Received a gift from Nemelex Xobeh
 17712 | Gauntlet | Found a transporter.
 17730 | Gauntlet | Found a transporter.
 17737 | Gauntlet | Found a transporter.
 17741 | Gauntlet | Found a transporter.
 17743 | Gauntlet | Reached ****** piety under Nemelex Xobeh
 17789 | Gauntlet | Found a transporter.
 17804 | Gauntlet | Killed a large abomination
 18019 | Gauntlet | Identified the +0 long sword of the Elven Halls {flame,
                  | Int+3}
 18027 | Gauntlet | Killed a death scarab
 18029 | Gauntlet | Killed a death scarab
 18043 | Gauntlet | Identified the +2 helmet of the Baker {+Inv rC+}
 18225 | Gauntlet | Noticed a minotaur
 18233 | Gauntlet | Killed a minotaur
 18239 | Gauntlet | Found the +5 demon whip "Spellbinder" {antimagic, Will+}
 18241 | Gauntlet | Identified the +5 quarterstaff "Saibaf" {pain, Fly Int+4}
 18241 | Gauntlet | Identified the Grimoire of Virous Attacks
 18457 | Lair:2   | Received a gift from Nemelex Xobeh
 18493 | Lair:2   | Reached skill level 5 in Evocations
 18498 | Lair:2   | Reached XP level 13. HP: 83/117 MP: 20/20
 18733 | Lair:2   | Found a staircase to the Snake Pit.
 19158 | Lair:3   | Reached skill level 5 in Dodging
 19243 | Lair:3   | Received a gift from Nemelex Xobeh
 19318 | Lair:3   | Received a gift from Nemelex Xobeh
 19451 | Lair:3   | Found a staircase to the Swamp.
 19865 | Lair:3   | Received a gift from Nemelex Xobeh
 20587 | Lair:4   | Identified the +0 robe of Agnosticism {Dex+2}
 20897 | Lair:4   | Received a gift from Nemelex Xobeh
 21835 | Lair:4   | Received a gift from Nemelex Xobeh
 22520 | Lair:5   | Received a gift from Nemelex Xobeh
 22860 | Lair:5   | Found a viscous altar of Jiyva.
 22860 | Lair:5   | Found a staircase to the Slime Pits.
 22911 | Lair:6   | Entered Level 6 of the Lair of Beasts
 22916 | Lair:6   | Reached XP level 14. HP: 127/127 MP: 21/21
 23186 | Lair:6   | Received a gift from Nemelex Xobeh
 23632 | Lair:6   | Noticed Nessos
 23651 | Lair:6   | Killed Nessos
 23855 | Lair:6   | Noticed a dire elephant
 23855 | Lair:6   | Noticed a dire elephant
 23855 | Lair:6   | Noticed a dire elephant
 23869 | Lair:6   | Noticed a dire elephant
 23869 | Lair:6   | Noticed a dire elephant
 23885 | Lair:6   | Killed a dire elephant
 25785 | Lair:6   | Reached XP level 15. HP: 91/138 MP: 22/22
 26116 | Lair:6   | Reached skill level 15 in Long Blades
 26140 | Lair:6   | HP: 4/138 [dire elephant simulacrum (12)]
 26613 | Lair:6   | Found an opulent altar of Gozag.
 26737 | Lair:6   | Received a gift from Nemelex Xobeh
 26766 | Lair:6   | Identified the Disquisition on Noxious Unholy Magic
 26893 | Lair:6   | Received a gift from Nemelex Xobeh
 27450 | D:10     | Entered Level 10 of the Dungeon
 27459 | D:10     | Found a transporter.
 27511 | D:10     | Noticed Maggie
 27628 | D:10     | Found a transporter.
 27639 | D:10     | Cast into level 1 of the Abyss (gnoll sergeant)
 27771 | Abyss:1  | Received a gift from Nemelex Xobeh
 27813 | Abyss:1  | Noticed a tentacled starspawn
 27829 | Abyss:1  | Found a corrupted altar of Lugonu.
 27899 | Abyss:1  | Found a corrupted altar of Lugonu.
 28219 | Abyss:1  | Received a gift from Nemelex Xobeh
 28318 | Abyss:1  | Noticed a tentacled starspawn
 28352 | Abyss:1  | Gained mutation: You occasionally shout uncontrollably at
                  | your foes. [a shining eye]
 28363 | Abyss:1  | Lost mutation: You occasionally shout uncontrollably at
                  | your foes. [potion of mutation]
 28363 | Abyss:1  | Gained mutation: You occasionally shout uncontrollably at
                  | your foes. [potion of mutation]
 28363 | Abyss:1  | Gained mutation: You are strong-willed. (Will+) [potion of
                  | mutation]
 28363 | Abyss:1  | Gained mutation: You possess an exceptional clarity of
                  | mind. [potion of mutation]
 28363 | Abyss:1  | Gained mutation: Your spells are a little harder to cast,
                  | but a little more powerful. [potion of mutation]
 28492 | Abyss:1  | Noticed a tentacled starspawn
 28500 | Abyss:1  | Noticed a tentacled starspawn
 28504 | Abyss:1  | Killed a tentacled starspawn
 28510 | D:10     | Escaped the Abyss
 28519 | D:10     | Killed Maggie
 28852 | D:10     | Identified the -6 pair of gloves of Wasted Space {Dex+6}
 28854 | D:10     | Identified the Catalogue of the Dark Glacier
 29182 | D:10     | Received a gift from Nemelex Xobeh
 29703 | D:11     | Received a gift from Nemelex Xobeh
 30218 | D:12     | Received a gift from Nemelex Xobeh
 30385 | D:12     | Reached skill level 10 in Evocations
 30657 | D:12     | Found a staircase to the Orcish Mines.
 31042 | D:12     | Received a gift from Nemelex Xobeh
 31131 | Orc:1    | Entered Level 1 of the Orcish Mines
 31146 | Orc:1    | Reached XP level 16. HP: 99/143 MP: 23/23
 31588 | Orc:1    | Found a roughly hewn altar of Beogh.
 31616 | Orc:1    | Received a gift from Nemelex Xobeh
 31807 | Orc:2    | Entered Level 2 of the Orcish Mines
 31808 | Orc:2    | Found Axuiss's General Store.
 31810 | Orc:2    | Reached skill level 15 in Fighting
 32029 | Orc:2    | Found Zeugush's Antique Weapon Emporium.
 32076 | Orc:2    | Found a staircase to the Elven Halls.
 32125 | Orc:2    | Noticed Maurice
 32143 | Orc:2    | Killed Maurice
 32215 | Orc:2    | Found Coiczyp's Book Emporium.
 32328 | Orc:2    | Found Ocucs's Antique Armour Shoppe.
 32351 | Orc:2    | Received a gift from Nemelex Xobeh
 32461 | Orc:2    | Noticed Snorg
 32494 | Orc:2    | Killed Snorg
 33505 | Orc:1    | Received a gift from Nemelex Xobeh
 33515 | Orc:1    | Found a roughly hewn altar of Beogh.
 33692 | Orc:2    | Bought a manual of Armour for 1876 gold pieces
 33747 | Orc:2    | Bought a runed cloak for 180 gold pieces
 33747 | Orc:2    | Bought a pair of polished boots for 228 gold pieces
 33747 | Orc:2    | Identified the +1 pair of boots of the Wheelwright {rN+}
                  | (You bought it in a shop on level 2 of the Orcish Mines)
 33994 | Snake:1  | Entered Level 1 of the Snake Pit
 36576 | Snake:2  | Noticed Vashnia
 36798 | Snake:2  | Killed Vashnia
 37752 | Snake:2  | Noticed Louise
 37827 | Snake:2  | Received a gift from Nemelex Xobeh
 37955 | Snake:2  | Killed Louise
 37956 | Snake:2  | Reached XP level 17. HP: 99/158 MP: 25/25
 38185 | Snake:2  | Reached skill level 15 in Armour
 40511 | Snake:3  | Upgraded the game from 0.27-a0-1245-g940ed4fa31 to
                  | 0.27-a0-1256-gced786f65e
 42046 | Snake:3  | Received a gift from Nemelex Xobeh
 42326 | Swamp:1  | Entered Level 1 of the Swamp
 43120 | Swamp:2  | Received a gift from Nemelex Xobeh
 43621 | Swamp:2  | Identified Roxanne's Guide on Transmutation
 43621 | Swamp:2  | Noticed Roxanne
 43922 | Swamp:2  | Reached skill level 5 in Shields
 44544 | Swamp:2  | Identified the +0 leather armour of the Stonemason {Contam
                  | rPois rF+}
 44793 | Swamp:2  | Reached XP level 18. HP: 67/168 MP: 27/27
 45359 | Swamp:3  | Noticed Kirke
 45366 | Swamp:2  | Killed Kirke
 45385 | Swamp:3  | Noticed Nikola
 45398 | Swamp:3  | Killed Nikola
 45733 | Swamp:3  | Received a gift from Nemelex Xobeh
 45737 | Swamp:3  | Found a frozen archway.
 45747 | IceCv    | Entered an ice cave
 47067 | Swamp:3  | Received a gift from Nemelex Xobeh
 47147 | Swamp:4  | Entered Level 4 of the Swamp
 47778 | Swamp:4  | Received a gift from Nemelex Xobeh
 48401 | Swamp:4  | Got a decaying rune of Zot
 49238 | Snake:4  | Entered Level 4 of the Snake Pit
 50369 | Snake:4  | Received a gift from Nemelex Xobeh
 52530 | Snake:4  | Reached XP level 19. HP: 153/177 MP: 28/28
 52717 | Snake:4  | Received a gift from Nemelex Xobeh
 54338 | Snake:4  | Noticed Aizul
 54367 | Snake:4  | Killed Aizul
 55504 | Snake:4  | Reached skill level 10 in Dodging
 56083 | Snake:4  | Got a serpentine rune of Zot
 56377 | D:13     | Found Ulutah's Assorted Antiques.
 56380 | D:13     | Bought a condenser vane for 920 gold pieces
 56462 | D:13     | Received a gift from Nemelex Xobeh
 56530 | D:13     | Found Laejooff's Assorted Antiques.
 56600 | D:13     | Found Xaes's Assorted Antiques.
 56987 | D:14     | Received a gift from Nemelex Xobeh
 57002 | D:14     | Found a gate to the Vaults.
 57798 | D:14     | Found Resu Xan's Distillery.
 57807 | D:14     | Bought a potion of heal wounds for 65 gold pieces
 57807 | D:14     | Bought a potion of heal wounds for 65 gold pieces
 58035 | D:14     | Found Oriec's Changing Room.
 58079 | D:14     | Received a gift from Nemelex Xobeh
 58121 | D:14     | Found an iron altar of Okawaru.
 58343 | D:15     | Entered Level 15 of the Dungeon
 58957 | D:15     | Received a gift from Nemelex Xobeh
 59605 | D:15     | Found a staircase to the Depths.
 59809 | D:15     | Received a gift from Nemelex Xobeh
 60253 | D:15     | Found Ugeutru's General Store.
 60363 | Vaults:1 | Entered Level 1 of the Vaults
 60428 | Vaults:1 | Reached skill level 10 in Shields
 60428 | Vaults:1 | Reached XP level 20. HP: 69/189 MP: 29/29
 60800 | Vaults:1 | Found a large runed translucent door.
 60800 | Vaults:1 | Found a large runed translucent door.
 60800 | Vaults:1 | Found a large runed translucent door.
 60800 | Vaults:1 | Found a large runed translucent door.
 60800 | Vaults:1 | Found a large runed translucent door.
 60800 | Vaults:1 | Found a large runed translucent door.
 60800 | Vaults:1 | Found a large runed translucent door.
 60800 | Vaults:1 | Found a large runed translucent door.
 60800 | Vaults:1 | Noticed Siol's ghost (adept OgEn)
 61283 | Vaults:1 | Received a gift from Nemelex Xobeh
 61899 | Vaults:1 | Noticed Donald
 61906 | Vaults:1 | Identified the +0 long sword "Asong" {elec, Fly}
 61912 | Vaults:1 | Killed Donald
 62863 | Vaults:2 | Received a gift from Nemelex Xobeh
 63378 | Vaults:2 | Identified the +7 great mace of the Extremes {vorpal, Drain
                  | rElec rC+ Will+++}
 63579 | Vaults:2 | Mangled by a yaktaur captain

Illustrated notes

Levels and vault maps discovered:
D:1:      denvon_arrival_planthouse, layout_loops_corners,
          hellmonk_ecumenical_altar_run_dry
D:2:      cheibrodos_old_hovel, layout_basic
D:3:      layout_basic, serial_bayou_pond_b, serial_bayou_pond_d,
          corner_web_ring, uniq_terence
D:4:      layout_loops_corners
D:5:      gammafunk_wand_slinger, layout_cave_pools, amcnicky_altar_gilded,
          hangedman_decor_lopped, minmay_misc_feat_hallway, minmay_holes,
          kennysheep_generic_room_8, uniq_duvessa
D:6:      layout_loops_ring, trog_three_pillars_becter,
          minmay_temple_entry_large_hall, uniq_prince_ribbit1, uniq_grinder
D:7:      layout_cave_pods, slow_altar_1, st_stairs_10
D:8:      layout_gridville, roderic_lattice_a
D:9:      minmay_the_grid_octo_tiled_octocenter
          [minmay_the_grid_octo_fat_diamond, minmay_the_grid_octo_teeth,
          minmay_the_grid_octo_checkerflower,
          minmay_the_grid_octo_tetromino_candy,
          minmay_the_grid_octo_prize_big_c, minmay_the_grid_square_5x5_c,
          minmay_the_grid_square_5x5_minivault,
          minmay_the_grid_square_5x5_three_small,
          minmay_the_grid_square_5x5_shrine2], layout_basic,
          chequers_temple_overflow_minitemple, erik_lair_orcish_takeover,
          minmay_ruined_shrine
D:10:     gammafunk_the_bubble [the_bubble_gammafunk_crates],
          layout_irregular_city, lightli_corner_chamber, uniq_maggie
D:11:     layout_rooms
D:12:     layout_long_grid, hiddenorc2_lemuel
D:13:     layout_cave_pools, serial_shops, nicolae_shop_behind_doors,
          kennysheep_mini_moat, shop
D:14:     layout_roguey, erik_vaults_2, serial_shops, shop,
          nicolae_benzene_ring, nicolae_transmutations_shop,
          okawaru_altar_gauntlet_db
D:15:     gammafunk_enter_depths_forms, layout_basic, serial_shops,
          nicolae_shop_behind_doors, minmay_misc_feat_four_crosses
Lair:1:   layout_cave_shapes, serial_rivers, chequers_serial_rivers_small_3,
          chequers_serial_rivers_micro_c, chequers_serial_rivers_room_a,
          chequers_serial_rivers_room_b, chequers_serial_rivers_micro_e,
          nicolae_volcano_entry_vermiform, uniq_grum
Lair:2:   layout_hall_layers, minmay_snake_entry_guardpost_medium,
          gauntlet_entry_generic, minmay_lindwurm_lava
Lair:3:   layout_chaotic_city, minmay_swamp_entry_wisps, grunt_megastairs_4
Lair:4:   layout_regular_city
Lair:5:   layout_gridlike, dpeg_slime_entry_enclosed_altar, beast_lair_carwin_2,
          serial_bayou_shore_b
Lair:6:   due_jungle_book, layout_regular_city, basic_altar, uniq_nessos
Swamp:1:  layout_basic_swamp, evilmike_swamp_ruin_rubble_1, swamp_pool3
Swamp:2:  layout_basic_swamp, serial_swamp_ruin, evilmike_swamp_ruin_house_5,
          evilmike_swamp_ruin_rubble_2, evilmike_swamp_ruin_house_3,
          swamp_pool4, uniq_roxanne
Swamp:3:  layout_falls_marsh, portal_ice_cave_entry_frozen_things,
          evilmike_swamp_ruin_house_1, swamp_pool4, uniq_kirke, uniq_nikola
Swamp:4:  swamp, layout_basic_swamp, nicolae_swamp_alligator_family
Snake:1:  layout_misc_corridors, grunt_megastairs_5, serial_bayou_shore_b
Snake:2:  layout_misc_corridors, uniq_louise, uniq_vashnia
Snake:3:  layout_basic, minmay_snake_pond
Snake:4:  grunt_snake_rune_pools, layout_cave_town, serial_bayou_shore_b,
          serial_bayou_shore_a, uniq_aizul
Orc:1:    layout_caves, hangedman_feature_mirror
Orc:2:    grunt_orc_gardens, layout_diamond_mine, grunt_orc_garden,
          grunt_orc_garden, grunt_orc_garden, grunt_orc_garden, uniq_maurice,
          uniq_snorg
Vaults:1: advil_vaults_ghost_lines, vaults_dpeg_cross,
          ontoclasm_vaults_claustrophobia, ontoclasm_vaults_chip,
          grunt_vaults_diagonal, ontoclasm_vaults_fault,
          nicolae_vaults_little_squares_1, v_alt_pattern_1, v_misc_24,
          nicolae_vaults_stairing_the_circle, ontoclasm_vaults_idyll,
          vaults_mumra_hexcomb, nicolae_vaults_little_squares_4, v_misc_4,
          vaults_room_stairs_pillars, nicolae_vaults_little_squares_6,
          layout_vaults_omnibox, uniq_donald
Vaults:2: grunt_vaults_funneled_arena, nicolae_vaults_network_square, v_misc_11,
          grunt_vaults_focal, hangedman_vaults_stretched_pinwheel,
          nicolae_vaults_alarming, v_rooms_5, nicolae_vaults_little_squares_6,
          layout_vaults_chaotic_city

Skill      XL: |  1  2  3  4  5  6  7  8  9 10 11 12 13 14 15 16 17 18 19 20 |
---------------+-------------------------------------------------------------+-----
Armour         | 1 2 3 4 5 6 8 9 10 11 12 13 14 16 17 19 | 19.5
Fighting       | 4 5 7 8 9 10 11 12 14 15 16 17 18 19 | 19.0
Long Blades    | 4 5 7 9 11 12 13 14 15 16 17 | 17.6
Invocations    | 1 2 3 4 6 7 9 10 11 12 | 12.2
Shields        | 1 2 3 4 5 8 10 11 | 11.1
Evocations     | 2 5 7 8 10 11 12 13 14 | 14.5
Dodging        | 4 6 7 8 9 10 | 10.4
Stealth        | |  1.5

Action                   |  1- 3 |  4- 6 |  7- 9 | 10-12 | 13-15 | 16-18 | 19-21 || total
-------------------------+-------+-------+-------+-------+-------+-------+-------++-------
Melee: Falchion          |   101 |   220 |   191 |       |       |       |       ||   512
       Long sword        |       |       |   260 |   333 |       |       |       ||   593
       Scimitar          |       |       |       |   141 |    18 |   188 |       ||   347
       Great sword       |       |       |       |    64 |   917 |  1152 |       ||  2133
       Double sword      |       |       |       |       |       |   330 |  1356 ||  1686
Throw: Dart              |       |       |       |     2 |       |       |       ||     2
       Throwing net      |       |       |       |     1 |       |     3 |       ||     4
Invok: Draw Destruction  |     1 |     2 |    12 |    24 |    44 |    50 |    25 ||   158
       Draw Summoning    |       |       |     3 |    10 |    12 |    17 |     4 ||    46
       Draw Escape       |       |       |       |       |     9 |     1 |     4 ||    14
       Stack Five        |       |       |       |       |       |       |     1 ||     1
Evoke: Wand              |       |       |     2 |     3 |     6 |    16 |     3 ||    30
       Lightning rod     |       |       |       |     4 |     4 |     4 |     3 ||    15
       Condenser vane    |       |       |       |       |       |       |     1 ||     1
  Use: Scroll            |       |     8 |       |     5 |    19 |     3 |     6 ||    41
       Potion            |       |       |       |       |     2 |     1 |     1 ||     4
 Stab: Sleeping          |     2 |     3 |       |       |     2 |       |       ||     7
       Distracted        |       |       |       |     2 |     4 |     1 |       ||     7
       Petrified         |       |       |       |     2 |     1 |       |       ||     3
       Confused          |       |       |       |       |       |     3 |       ||     3
Armor: Robe              |     7 |       |       |       |       |       |       ||     7
       Leather armour    |    19 |    14 |       |       |       |       |       ||    33
       Chain mail        |       |    57 |   216 |   231 |       |       |       ||   504
       Acid dragon scale |       |       |       |    87 |   457 |   125 |       ||   669
       Plate armour      |       |       |       |       |       |   761 |       ||   761
       Crystal plate arm |       |       |       |       |       |   195 |   798 ||   993
Dodge: Dodged            |    60 |   111 |   157 |   311 |   866 |   858 |   246 ||  2609
Block: Buckler           |       |    23 |   118 |   118 |       |       |       ||   259
       Kite shield       |       |       |       |       |       |   171 |   649 ||   820
       Rpst.: Falchion   |    19 |    32 |    19 |       |       |       |       ||    70
       Long sword        |       |       |    28 |    30 |       |       |       ||    58
       Scimitar          |       |       |       |    16 |     2 |    15 |       ||    33
       Great sword       |       |       |       |    32 |   223 |   157 |       ||   412
       Double sword      |       |       |       |       |       |    12 |    54 ||    66

Table legend: (Time is in decaauts)
 A = Elapsed time spent in this place.
 B = Non-inter-level travel time spent in this place.
 C = Inter-level travel time spent in this place.
 D = Time resting spent in this place.
 E = Time spent auto-exploring this place.
 F = Levels seen in this place.
 G = Mean time per level.
                   A        B        C        D        E       F      G
               +--------+--------+--------+--------+--------+-----+--------+
         Total |  63241 |  60897 |   2344 |  28088 |  21184 |  37 | 1709.2 |
       Dungeon |  22148 |  21331 |    817 |   7596 |  10235 |  15 | 1476.5 |
          Lair |  10239 |   9713 |    526 |   3908 |   4090 |   6 | 1706.5 |
         Swamp |   5876 |   5739 |    137 |   2738 |   1941 |   4 | 1469.0 |
     Snake Pit |  15233 |  14634 |    599 |   9387 |   2599 |   4 | 3808.2 |
  Orcish Mines |   2685 |   2465 |    220 |    892 |   1069 |   2 | 1342.5 |
        Vaults |   3116 |   3073 |     43 |   1318 |   1228 |   2 | 1558.0 |
         Abyss |    862 |    862 |      0 |    298 |      0 |   1 |  862.0 |
      Ice Cave |    918 |    918 |      0 |    526 |     21 |   1 |  918.0 |
       Volcano |   1556 |   1556 |      0 |   1085 |      0 |   1 | 1556.0 |
      Gauntlet |    603 |    603 |      0 |    337 |      0 |   1 |  603.0 |
               +--------+--------+--------+--------+--------+-----+--------+

Top non-repeatable levels by time:
 Snake:4: 5466 daAuts
 Snake:3: 5172 daAuts
  Lair:6: 4373 daAuts
 Snake:1: 3025 daAuts
     D:8: 2777 daAuts
     D:9: 2665 daAuts
 Swamp:2: 2509 daAuts
Vaults:1: 2369 daAuts
    D:15: 1956 daAuts
     D:5: 1878 daAuts
  Lair:4: 1804 daAuts
 Swamp:4: 1699 daAuts
     D:3: 1614 daAuts
 Snake:2: 1569 daAuts
 Volcano: 1556 daAuts
